 Dungeon Crawl Stone Soup version 0.21.1-1-g345015fe64 (webtiles) character file.

9529 Htamos the Nimble (level 11, -8/76 HPs)
             Began as an Octopode Monk on July 16, 2018.
             Was an Elder of Vehumet.
             Mangled by a freezing wraith (12 damage)
             ... on level 10 of the Dungeon.
             The game lasted 00:31:46 (12181 turns).

Htamos the Nimble (Octopode Monk)                  Turns: 12181, Time: 00:31:48

Health: -8/76      AC:  3    Str: 14    XL:     11   Next: 47%
Magic:  20/20      EV: 22    Int: 23    God:    Vehumet [****..]
Gold:   529        SH: 11    Dex: 26    Spells: 11/22 levels left

rFire    + . .     SeeInvis .   b - +5 spear "Ifyejek" {venom, *Slow rElec Int+7 Dex+4}
rCold    . . .     Gourm    .   D - +1 shield "Bigrock" {rN+ MR+}
rNeg     + . .     Faith    .   m - +2 hat
rPois    +         Spirit   .   (no amulet)
rElec    +         Reflect  .   k - +3 ring of intelligence
rCorr    .         Harm     .   i - ring of fire
MR       ++...                  p - ring "Fimiafri" {rPois Dex+5}
Stlth    ++++......             r - +3 ring of strength
HPRegen  0.22/turn              I - ring of protection from cold
MPRegen  0.17/turn              (no ring)
                                (no ring)
                                (no ring)

@: slowed, studying Fighting, very slow
A: almost no armour, stealthy swim, amphibious, 8 rings, constrict 8, antennae
1, camouflage 1, magic resistance 1, gelatinous body 1
a: Renounce Religion


You were on level 10 of the Dungeon.
You worshipped Vehumet.
Vehumet was greatly pleased with you.
You were near starving.

You visited 1 branch of the dungeon, and saw 10 of its levels.

You collected 850 gold pieces.
You spent 321 gold pieces at shops.

Inventory:

Hand Weapons
 b - the +5 spear "Ifyejek" (weapon) {venom, *Slow rElec Int+7 Dex+4}
   (You found it on level 5 of the Dungeon)

   It poisons the flesh of those it strikes.
   It affects your intelligence (+7).
   It affects your dexterity (+4).
   It insulates you from electricity.
   It may slow you when you take damage.
 c - the +8 lance "Wyrmbane" {slay drac, rPois rF+ rC+ AC+3}
   (You found it on level 4 of the Dungeon)

   It affects your AC (+3).
   It protects you from fire.
   It protects you from cold.
   It protects you from poison.
 g - the +10 spear of Upheaval {pierce, rElec rF++ Str+4 Int-4, unknown}
   (You found it on level 10 of the Dungeon)

   It inflicts extra damage upon your enemies.
   It affects your strength (+4).
   It affects your intelligence (-4).
   It greatly protects you from fire.
   It insulates you from electricity.
 o - a +3 dagger of chaos
 C - a +1 trident of protection
 F - a +4 scimitar of flaming
Armour
 j - a +0 buckler
 m - a +2 hat (worn)
 x - a +3 buckler
 D - the +1 shield "Bigrock" (worn) {rN+ MR+}
   (You found it on level 8 of the Dungeon)

   It protects you from negative energy.
   It affects your resistance to hostile enchantments.
Jewellery
 i - a ring of fire (right tentacle)
 k - a +3 ring of intelligence (left tentacle)
 p - the ring "Fimiafri" (on tentacle) {rPois Dex+5}
   (You found it on level 8 of the Dungeon)

   [ring of poison resistance]

   It affects your dexterity (+5).
   It protects you from poison.
 r - a +3 ring of strength (on tentacle)
 G - an uncursed ring of fire
 I - a ring of protection from cold (on tentacle)
Wands
 f - a wand of acid (2)
 h - a wand of polymorph (13)
 B - a wand of paralysis (4)
 J - a wand of random effects (13)
Scrolls
 d - 5 scrolls of teleportation
 l - 2 scrolls of immolation
 t - a scroll of amnesia
 u - a scroll of holy word
 v - a scroll of enchant weapon
 w - a scroll of fear
 y - 3 scrolls of remove curse
 A - 2 scrolls of magic mapping
 E - a scroll of identify
Potions
 e - a potion of degeneration
 n - 3 potions of curing
 q - a potion of resistance
 s - a potion of cancellation
 H - a potion of agility {unknown}
Books
 z - a manual of Fighting
Comestibles
 a - 20 rations


   Skills:
 * Level 7.7 Fighting
 + Level 8.1 Polearms
 + Level 10.7 Dodging
 + Level 4.2 Stealth
 - Level 4.1 Shields
 - Level 3.0 Unarmed Combat
 + Level 6.0 Spellcasting
 - Level 6.3 Conjurations
 + Level 1.8 Air Magic


You had 11 spell levels left.
You knew the following spells:

 Your Spells              Type           Power        Failure   Level  Hunger
a - Magic Dart            Conj           ####         1%          1    None
b - Shock                 Conj/Air       ####         1%          1    None
c - Throw Icicle          Conj/Ice       ###.....     24%         4    ###....
d - Iskenderun's Battles  Conj/Chrm      ###.....     52%         5    #####..


Dungeon Overview and Level Annotations

Branches:
Dungeon (10/15)            Temple (0/1) D:6
   Lair: D:8-11         Orc: D:9-12

Altars:
Ashenzari
Cheibriados
Dithmenos
Kikubaaqudgha
Okawaru
Sif Muna
Vehumet
Xom
Zin

Shops:
D:4 [   D:7 *   D:9 }


Innate Abilities, Weirdness & Mutations

You cannot wear most types of armour.
You are very stealthy in the water. (Stealth+)
You are amphibious.
You can wear up to eight rings at the same time.
You can use your tentacles to constrict eight enemies at once.
Your skin changes colour to match your surroundings (Stealth+).
Your rubbery body absorbs attacks. (AC +1, EV +1)
You have a pair of small antennae on your head.
You are resistant to hostile enchantments. (MR+)


Message History

The freezing wraith is almost destroyed.
You block the freezing wraith's attack.
The freezing wraith completely misses you.
The freezing wraith hits you!
* * * LOW HITPOINT WARNING * * *
The freezing wraith freezes you!!
* * * LOW HITPOINT WARNING * * *
The freezing wraith completely misses you.
Casting: Magic Dart
Confirm with . or Enter, or press ? or * to list all spells.
Aiming: Shock
Press: ? - help, Shift-Dir - straight line The zap hits the freezing wraith.
The freezing wraith appears unharmed.
The freezing wraith is severely damaged.
The zap hits the freezing wraith.
The freezing wraith is almost destroyed.
The freezing wraith hits you!
* * * LOW HITPOINT WARNING * * *
The freezing wraith freezes you!
You die...

# ########### ######
..#####...W...... .....
.......?.@# #..# #...
..........# #..# #...
#.........# #..# #...
#.........# #..# #...
#.........# #..# #...
#.........####..#######...
..<...................>...
....######################
#.. #...#


You could see a freezing wraith.

Vanquished Creatures
  Snorg (D:10)
  Erica (D:9)
  The ghost of lis82 the Cleaver, a novice DsFi of Okawaru (D:10)
  Psyche (D:8)
  A hornet (D:9)
  3 trolls
  The ghost of lis82 the Magician, an amateur NaVM (D:5)
  The ghost of Loge the Changer, an amateur DrTm (D:4)
  A spriggan (D:8)
  A hungry ghost (D:9)
  A steam dragon (D:7)
  Menkaure (D:7)
  2 insubstantial wisps (D:7)
  2 ice beasts
  2 orc warriors
  3 sky beasts (D:7)
  A necrophage (D:7)
  2 black bears
  2 phantoms
  3 ogres
  7 centaurs
  2 big kobolds (D:6)
  2 gnoll sergeants
  3 bullfrogs
  7 wights
  8 howler monkeys
  3 crimson imps
  7 hounds
  2 jellies
  A bullfrog skeleton (D:7)
  2 gnoll shamans (D:6)
  7 orc wizards
  The ghost of tensugalgo the Vexing, a weakling FeEn (D:3)
  5 orc priests
  A centaur skeleton (D:5)
  3 iguanas (D:6)
  8 worker ants
  2 hound zombies
  2 worker ant zombies
  14 adders
  13 gnolls
  A river rat (D:6)
  2 shadow imps
  An ooze (D:1)
  An adder zombie (D:9)
  2 worms (D:2)
  8 leopard geckos
  21 orcs
  10 bats
  5 giant cockroaches
  8 goblins
  14 hobgoblins
  13 jackals
  11 kobolds
  5 quokkas
  A ball python (D:6)
  6 frilled lizards
  3 jackal skeletons
  3 leopard gecko skeletons
  A quokka skeleton (D:7)
  7 rats
254 creatures vanquished.

Vanquished Creatures (collateral kills)
  A two-headed ogre (D:8)
  A shadow imp (D:8)
2 creatures vanquished.

Vanquished Creatures (others)
  A quokka skeleton (D:5)
1 creature vanquished.

Grand Total: 257 creatures vanquished

Notes
Turn   | Place    | Note
-------+----------+-------------------------------------------
     0 | D:1      | Htamos the Octopode Monk began the quest for the Orb.
     0 | D:1      | Reached XP level 1. HP: 16/16 MP: 1/1
   255 | D:1      | Reached XP level 2. HP: 20/21 MP: 2/2
   598 | D:1      | Reached XP level 3. HP: 13/26 MP: 3/3
   826 | D:1      | Reached skill level 4 in Dodging
  1683 | D:2      | Reached XP level 4. HP: 31/31 MP: 4/4
  2004 | D:2      | Found a shadowy altar of Dithmenos.
  2065 | D:2      | Found a deep blue altar of Sif Muna.
  2245 | D:3      | Noticed tensugalgo's ghost (weakling FeEn)
  2247 | D:3      | Reached skill level 5 in Dodging
  3181 | D:3      | Killed tensugalgo's ghost
  3181 | D:3      | Reached XP level 5. HP: 36/36 MP: 5/5
  3231 | D:3      | Found an ancient bone altar of Kikubaaqudgha.
  3510 | D:3      | Found a shattered altar of Ashenzari.
  3896 | D:4      | Reached skill level 1 in Shields
  3898 | D:4      | Noticed an ogre
  3904 | D:4      | Reached skill level 6 in Dodging
  3904 | D:4      | Reached XP level 6. HP: 16/42 MP: 6/6
  4716 | D:4      | Noticed Loge's ghost (amateur DrTm)
  4737 | D:4      | Killed Loge's ghost
  4737 | D:4      | Reached skill level 7 in Dodging
  4737 | D:4      | Reached XP level 7. HP: 46/46 MP: 7/7
  4774 | D:4      | Found the +8 lance "Wyrmbane" {slay drac, rPois rF+ rC+ AC+3}
  5174 | D:4      | Reached skill level 1 in Polearms
  5214 | D:4      | Found Xuadiq's Antique Armour Shoppe.
  5236 | D:4      | Bought a runed hat for 161 gold pieces
  5248 | D:4      | Gained mutation: You have a pair of small antennae on your head. [potion of mutation]
  5248 | D:4      | Gained mutation: You are resistant to hostile enchantments. (MR+) [potion of mutation]
  5404 | D:5      | Entered Level 5 of the Dungeon
  5446 | D:5      | Got a pitted spear
  5476 | D:5      | Reached XP level 8. HP: 47/52 MP: 8/8
  5480 | D:5      | Noticed lis82's ghost (amateur NaVM)
  5590 | D:5      | Killed lis82's ghost
  5590 | D:5      | Reached skill level 8 in Dodging
  5660 | D:5      | Found a radiant altar of Vehumet.
  5690 | D:5      | Became a worshipper of Vehumet
  5690 | D:5      | Reached * piety under Vehumet
  5690 | D:5      | Offered knowledge of Magic Dart by Vehumet.
  5690 | D:5      | Reached ** piety under Vehumet
  5696 | D:5      | Learned a level 1 spell: Magic Dart
  5952 | D:5      | Found an iron altar of Okawaru.
  6286 | D:6      | Found a staircase to the Ecumenical Temple.
  6325 | D:6      | Found a snail-covered altar of Cheibriados.
  6354 | D:6      | Offered knowledge of Shock by Vehumet.
  6354 | D:6      | Reached skill level 1 in Conjurations
  6357 | D:6      | Reached skill level 1 in Spellcasting
  6360 | D:6      | Learned a level 1 spell: Shock
  6559 | D:6      | Reached XP level 9. HP: 56/56 MP: 11/11
  6704 | D:6      | Reached skill level 5 in Polearms
  6711 | D:6      | Reached skill level 9 in Dodging
  6965 | D:6      | Offered knowledge of Ignite Poison by Vehumet.
  7352 | D:6      | Reached *** piety under Vehumet
  7388 | D:6      | Found a glowing silver altar of Zin.
  7388 | D:6      | Noticed an angel
  7390 | D:6      | Found a shimmering altar of Xom.
  7946 | D:7      | Found Wuss's General Store.
  7954 | D:7      | Bought a scroll of summoning for 95 gold pieces
  7954 | D:7      | Bought a potion of curing for 30 gold pieces
  7954 | D:7      | Bought a scroll of fear for 35 gold pieces
  8136 | D:7      | Offered knowledge of Throw Icicle by Vehumet.
  8142 | D:7      | Learned a level 4 spell: Throw Icicle
  8151 | D:7      | Noticed Menkaure
  8155 | D:7      | Killed Menkaure
  8266 | D:7      | Reached XP level 10. HP: 52/63 MP: 14/16
  8530 | D:7      | Reached **** piety under Vehumet
  8617 | D:7      | Offered knowledge of Bolt of Draining by Vehumet.
  8617 | D:7      | Reached skill level 5 in Conjurations
  9021 | D:8      | Identified the +5 spear "Ifyejek" {venom, *Slow rElec Int+7 Dex+4} (You found it on level 5 of the Dungeon)
  9079 | D:8      | Reached skill level 10 in Dodging
  9168 | D:8      | Noticed a two-headed ogre
  9195 | D:8      | Killed a two-headed ogre
  9223 | D:8      | Noticed Psyche
  9230 | D:8      | Killed Psyche
  9230 | D:8      | Reached skill level 5 in Spellcasting
  9333 | D:8      | Got a steaming turquoise ring
  9628 | D:8      | Got a shimmering shield
  9639 | D:8      | Identified the +1 shield "Bigrock" {rN+ MR+} (You found it on level 8 of the Dungeon)
  9639 | D:8      | Identified the ring "Fimiafri" {rPois Dex+5} (You found it on level 8 of the Dungeon)
 10046 | D:9      | Noticed Erica
 10064 | D:9      | Killed Erica
 10064 | D:9      | Reached skill level 5 in Fighting
 10159 | D:9      | Reached XP level 11. HP: 56/72 MP: 19/19
 10339 | D:9      | Found a shadowy altar of Dithmenos.
 11121 | D:9      | Found Xontuefi's Gadget Shop.
 11170 | D:10     | Entered Level 10 of the Dungeon
 11201 | D:10     | Reached ***** piety under Vehumet
 11240 | D:10     | Offered knowledge of Iskenderun's Battlesphere by Vehumet.
 11257 | D:10     | Learned a level 5 spell: Iskenderun's Battlesphere
 11369 | D:10     | Noticed Snorg
 11381 | D:10     | Killed Snorg
 11381 | D:10     | Reached skill level 1 in Air Magic
 11507 | D:10     | Noticed lis82's ghost (novice DsFi)
 11567 | D:10     | Got a smoking spear
 11851 | D:10     | Killed lis82's ghost
 12181 | D:10     | Mangled by a freezing wraith

Skill      XL: |  1  2  3  4  5  6  7  8  9 10 11 |
---------------+----------------------------------+-----
Dodging        | 4 5 6 7 8 9 10 | 10.7
Shields        | 1 3 4 |  4.1
Polearms       | 2 4 6 7 8 |  8.1
Conjurations   | 1 4 6 |  6.3
Spellcasting   | 1 4 5 6 |  6.0
Fighting       | 5 7 |  7.7
Stealth        | 4 |  4.2
Air Magic      | 1 |  1.8
Unarmed Combat | |  3.0

Action                   |  1- 3 |  4- 6 |  7- 9 | 10-12 || total
-------------------------+-------+-------+-------+-------++-------
Melee: Unarmed           |   107 |   126 |     1 |       ||   234
       Constrict         |    29 |    27 |    42 |    45 ||   143
       Tentacles         |    16 |    18 |    41 |    91 ||   166
       Punch             |     3 |     5 |     7 |     6 ||    21
       Lance             |       |       |   295 |    90 ||   385
       Spear             |       |       |       |   259 ||   259
 Cast: Magic Dart        |       |       |     2 |     3 ||     5
       Shock             |       |       |       |     8 ||     8
Evoke: Wand              |       |       |     2 |       ||     2
  Use: Scroll            |     5 |     3 |     5 |    14 ||    27
       Potion            |       |     4 |     1 |     4 ||     9
 Stab: Sleeping          |    13 |     7 |    15 |    13 ||    48
       Distracted        |       |       |     2 |     4 ||     6
  Eat: Chunk             |     2 |    10 |    11 |    12 ||    35
Armor: Skin              |    10 |    19 |    19 |     9 ||    57
Dodge: Dodged            |    87 |    67 |   125 |   124 ||   403
Block: Buckler           |       |     8 |    36 |    26 ||    70
       Shield            |       |       |       |    80 ||    80
